 Dungeon Crawl Stone Soup version 0.28-b1-25-g9875b3fc8c (webtiles) character file.

Game seed: 4805255862929929000

5 lordive the Caller (level 1, 0/10 HPs)
             Began as a Tengu Summoner on Jan 31, 2022.
             Slain by a ball python (2 damage)
             ... on level 1 of the Dungeon.
             The game lasted 00:00:43 (441 turns).

lordive the Caller (Tengu Summoner)                  Turns: 441, Time: 00:00:43

Health: 0/10       AC:  3    Str:  8    XL:     1   Next: 80%
Magic:  2/4        EV:  9    Int: 15    God:
Gold:   8          SH:  0    Dex: 14    Spells: 3/4 levels left

rFire   . . .      SeeInvis .   (no weapon)
rCold   . . .      Faith    .   (no shield)
rNeg    . . .      Spirit   .   a - +0 robe
rPois   .          Reflect  .   (helmet restricted)
rElec   .          Harm     .   (no cloak)
rCorr   .          Rampage  .   c - +0 pair of gloves
Will    .....                   (boots unavailable)
Stlth   ++........              (no amulet)
HPRegen 0.03/turn               (no ring)
MPRegen 0.09/turn               (no ring)

@: constricted
A: beak, talons 3
a: no special abilities


You were on level 1 of the Dungeon.
You visited 1 branch of the dungeon, and saw 1 of its levels.

You collected 8 gold pieces.

Inventory:

Armour
 a - a +0 robe (worn)
 c - a +0 pair of gloves (worn)
Scrolls
 b - a scroll of immolation {unknown}


   Skills:
 + Level 2.2 Dodging
 + Level 2.0 Stealth
 + Level 2.0 Spellcasting
 * Level 5.2 Summonings


You had 3 spell levels left.
You knew the following spells:

 Your Spells              Type           Power      Damage    Failure   Level
a - Summon Small Mammal   Summ           68%        N/A       2%          1

Your spell library contained the following spells:

 Spells                   Type           Power      Damage    Failure   Level
 Call Imp                 Summ           17%        N/A       4%          2
 Call Canine Familiar     Summ           17%        N/A       8%          3
 Summon Guardian Golem    Hex/Summ       9%         N/A       22%         3
 Summon Lightning Spire   Summ/Air       9%         N/A       58%         4


Dungeon Overview and Level Annotations

Branches:
Dungeon (1/15)

Altars:


Innate Abilities, Weirdness & Mutations

You have a beak for a mouth.
You have claws for feet.


Message History

Confirm with . or Enter, or press ? or * to list all spells.
The ball python hisses angrily.
The ball python bites you but does no damage.
The ball python closely misses you.
Casting: Summon Small Mammal (safe; 2% risk of failure)
Confirm with . or Enter, or press ? or * to list all spells.
The ball python bites you but does no damage.
The ball python grabs you. The ball python constricts you.
What are your orders? t - Shout!
Orders for allies: a - Attack new target. r - Retreat! s - Stop attacking. g - Guard the area. f - Follow me.
Anything else - Cancel.
Gang up on whom?
Press: ? - help, Dir - move target, f - ball python
Aim: a ball python (constricting you, ally target) Attack!
The ball python completely misses you. The ball python constricts you.
Your bat barely misses the ball python.
The ball python bites you. The ball python constricts you.
The ball python barely misses you. The ball python constricts you.
Your bat barely misses the ball python.
Your bat hits the ball python. The ball python bites you.
The ball python constricts you.
Your bat misses the ball python.
Your bat barely misses the ball python.
The ball python bites you.
* * * LOW HITPOINT WARNING * * *
The ball python constricts you.
* * * LOW HITPOINT WARNING * * *
Your bat closely misses the ball python.
Your bat barely misses the ball python.
The ball python bites you but does no damage.
The ball python constricts you.
The ball python bites you but does no damage.
The ball python constricts you.
Your bat barely misses the ball python.
Your bat barely misses the ball python.
Your bat closely misses the ball python.
The ball python bites you but does no damage.
The ball python constricts you.
Your bat hits the ball python. The ball python bites you.
You die...

....... #r#
########
##.######## # #
#.......^.#
#.##.#.#######.#
#......†#
#.##.##.#
#.#...#.#
...._.Sb##
..#...#@.#
#..##.##r.# #.
... ..... ###
#.####.# #. # #.
#. #.


You could see a ball python (ally target), a friendly quokka (summoned) and a
friendly bat (summoned).

Vanquished Creatures (collateral kills)
  A dart slug (D:1)
  A bat (D:1)
  3 kobolds (D:1)
5 creatures vanquished.

Notes
Turn   | Place    | Note
-------+----------+-------------------------------------------
     0 | D:1      | lordive the Tengu Summoner began the quest for the Orb.
     0 | D:1      | Reached XP level 1. HP: 10/10 MP: 4/4
    40 | D:1      | Reached skill level 5 in Summonings
   412 | D:1      | Found a faded altar of an unknown god.
   441 | D:1      | Slain by a ball python

Illustrated notes

Levels and vault maps discovered:
D:1:      moated_graveyard_arrival, layout_loops_ring,
          ebering_ecumenical_altar_box

Skill      XL: |  1 |
---------------+----+-----
Summonings     | 5 |  5.2
Dodging        | |  2.2
Stealth        | |  2.0
Spellcasting   | |  2.0

Action                   || total
-------------------------++-------
 Cast: Summon Small Mamm ||    10
Armor: Robe              ||     5
Dodge: Dodged            ||     6
